 Dungeon Crawl Stone Soup version 0.29-a0-234-g0dae59b3db (webtiles) character file.

Game seed: 5543971726962376992

35 enile the Skirmisher (level 3, -2/29 HPs)
             Began as a Djinni Fire Elementalist on Mar 2, 2022.
             Was a Follower of Ru.
             Killed by an exploding frilled lizard (5 damage)
             ... ignited by their inner flame
             ... on level 2 of the Dungeon.
             The game lasted 00:01:54 (2229 turns).

enile the Skirmisher (Djinni Fire Elementalist)     Turns: 2229, Time: 00:01:54

Health: -2/29      AC:  2    Str:  6 (7)  XL:     3   Next: 52%
Gold:   76         EV: 11    Int: 16 (18) God:    Ru [*.....] SH:  0 Dex: 10 (13)

rFire   + + .      SeeInvis .   c - +0 short sword
rCold   x . .      Faith    .   g - orb {*Rage}
rNeg    . . .      Spirit   .   a - +0 robe
rPois   ∞          Reflect  .   (no helmet)
rElec   .          Harm     .   (no cloak)
rCorr   .          Rampage  .   (no gloves)
Will    .....      Rage     20% (boots unavailable)
Stlth   ++........              (no amulet)
HPRegen 0.09/turn               (no ring)
MPRegen 0.00/turn               (no ring)

@: flying
A: sickness immunity, fire resistance 2, cold vulnerability 1, inability to
train dodging, float, innate caster, HP casting, extra vitality 1
a: Renounce Religion


You were on level 2 of the Dungeon.
You worshipped Ru.
Ru was aware of your devotion.
You visited 1 branch of the dungeon, and saw 2 of its levels.

You collected 76 gold pieces.

Inventory:

Hand Weapons
 c - a +0 short sword (weapon)
Armour
 a - a +0 robe (worn)
 g - an orb of wrath (worn)


   Skills:
 + Level 2.9 Fighting
 - Level 1.5 Stealth
 - Level 2.4 Spellcasting


You couldn't memorise any spells.
You knew the following spells:

 Your Spells              Type           Power      Damage    Failure   Level
a - Foxfire               Conj/Fire      36%        2x1d5     8%          1
b - Scorch                Fire           18%        2d5       11%         2
c - Conjure Flame         Conj/Fire      9%         6-21      22%         3
d - Inner Flame           Hex/Fire       9%         N/A       22%         3
e - Flame Wave            Conj/Fire      9%         2d5       58%         4
f - Beastly Appendage     Tmut           18%        N/A       8%          1
Your spell library was empty.

Dungeon Overview and Level Annotations

Branches:
Dungeon (2/15)

Altars:
Ru


Innate Abilities, Weirdness & Mutations

You are immune to sickness and miasma.
You are immune to poison.
Your flesh is very heat resistant. (rF++)
You are vulnerable to cold. (rC-)
You cannot train Dodging skill.
You float through the air rather than walking.
You learn spells naturally, not from books.
Your magical power is your life essence.
You have superior vitality. (+4 MHP)


Message History

The bat hits you but does no damage. x2
The bat hits you but does no damage. The bat hits you but does no damage. x3
As you read the scroll labelled VUOMME IROLAIKK, it crumbles to dust.
You feel a surge of unholy energy.
The bat convulses!
Flame seeps out of the bat.
The gnoll convulses!
Flame seeps out of the gnoll.
It was a scroll of torment.
Your transformation is almost over.
The bat barely misses you. The bat hits you but does no damage.
The bat hits you but does no damage. x2
The bat hits you but does no damage. x2
The bat hits you but does no damage. The bat hits you but does no damage. x2
The bat hits you but does no damage. The bat hits you but does no damage.
The bat hits you but does no damage. The bat hits you.
* * * LOW HITPOINT WARNING * * *
You feel less wooden.
Your +0 robe unmelds from your body.
Your rat dissolves into shadows!
The gnoll's inner flame fades away.
The bat hits you but does no damage. The bat barely misses you.
The bat hits you but does no damage.
You swap places.
Found a scroll labelled HUNOXIFF VOCIM.
The bat misses your frilled lizard.
Your frilled lizard misses the bat.
What are your orders? t - Shout!
Orders for allies: a - Attack new target. r - Retreat! s - Stop attacking. g - Guard the area. f - Follow me.
Anything else - Cancel.
Gang up on whom?
Press: ? - help, Dir - move target, f - bat
Aim: a bat (inner flame, ally target) Attack!
The bat hits your frilled lizard. Flame seeps out of your frilled lizard.
Your frilled lizard is engulfed in blazing flames.
Your frilled lizard's corpse dissolves into shadows!
Your frilled lizard explodes!
The fiery explosion engulfs you. You resist.
You die...

. #.# .. .... ... ...
#..#. #.# ....
#<.#.###.#+#....
.......g..g.... ?.
........... . #.#
#............#. .
#.####g..# #..#. .#. #
#.@○bgg..# #....
....#.#.####...# #..#.
......#.####...#
####....
...........)...# .......
#...##.##)....#.##......
#.......................
##..##.##...............
# #.#####..#.###...##
##.######.#.###...#.


You could see 3 gnolls and a bat (inner flame).

Vanquished Creatures
  A dart slug (D:1)
  4 bats
  5 endoplasms
  4 giant cockroaches
  A goblin (D:2)
  5 hobgoblins (D:1)
  A ball python (D:1)
  3 frilled lizards (D:1)
  3 kobolds
  A rat (D:1)
  A spectral goblin (D:1)
29 creatures vanquished.

Vanquished Creatures (collateral kills)
  A foxfire (D:1)
1 creature vanquished.

Vanquished Creatures (others)
  137 foxfires
137 creatures vanquished.

Grand Total: 167 creatures vanquished

Notes
Turn   | Place    | Note
-------+----------+-------------------------------------------
     0 | D:1      | enile the Djinni Fire Elementalist began the quest for the
                  | Orb.
     0 | D:1      | Reached XP level 1. HP: 15/15 MP: 0/0
   277 | D:1      | Reached skill level 1 in Fighting
   424 | D:1      | Reached XP level 2. HP: 21/22 MP: 0/0
   556 | D:1      | Found a faded altar of an unknown god.
   590 | D:1      | Prayed at the altar of an unknown god.
   590 | D:1      | Became a worshipper of Ru the Awakened
   595 | D:1      | Gained mutation: You cannot train Dodging skill. [Ru
                  | sacrifice]
   595 | D:1      | Reached * piety under Ru
  1074 | D:1      | Reached XP level 3. HP: 24/29 MP: 0/0
  1074 | D:1      | Learned a level 1 spell: Beastly Appendage
  2194 | D:2      | HP: 1/29 [bat (1)]
  2229 | D:2      | Killed by an exploding frilled lizard... ignited by their
                  | inner flame

Illustrated notes

Levels and vault maps discovered:
D:1:      ncdulo_halloftheorcs, layout_loops_ring,
          dreamdust_ecumenical_altar_drowned_temple, columned_hall_lemuel,
          st_stairs_5, nicolae_wormholes
D:2:      layout_basic, minmay_misc_feat_secret_circle,
          hangedman_decor_clover_reticule, grunt_ministairs_9,
          minmay_lizard_pond, uniq_natasha

Skill      XL: |  1  2 |
---------------+-------+-----
Fighting       | 1 2 |  2.9
Dodging        | 0 |  0.0
Stealth        | |  1.5
Spellcasting   | |  2.4

Action                   || total
-------------------------++-------
Melee: Short sword       ||     2
 Cast: Foxfire           ||    89
       Scorch            ||     9
Invok: Sacrifice Nimblen ||     1
  Use: Scroll            ||     5
       Potion            ||     2
Armor: Robe              ||    10
       Skin              ||    44
Dodge: Dodged            ||    17

Table legend: (Time is in decaauts)
 A = Elapsed time spent in this place.
 B = Non-inter-level travel time spent in this place.
 C = Inter-level travel time spent in this place.
 D = Time resting spent in this place.
 E = Time spent auto-exploring this place.
 F = Levels seen in this place.
 G = Mean time per level.
                   A        B        C        D        E       F      G
               +--------+--------+--------+--------+--------+-----+--------+
         Total |   2228 |   2224 |      4 |      0 |   1910 |   2 | 1114.0 |
       Dungeon |   2228 |   2224 |      4 |      0 |   1910 |   2 | 1114.0 |
               +--------+--------+--------+--------+--------+-----+--------+

Top non-repeatable levels by time:
     D:1: 1757 daAuts
     D:2: 470 daAuts
